Map: Amphion LE

Players

trigger - Winner!

  • Race: Protoss Protoss
  • League: Grandmaster
  • Spawn Location: 7:00

HolyHit

  • Race: Protoss Protoss
  • Spawn Location: 11:00

Event: HomeStory Cup XXV

VOD

Have the link to the VOD?

Description

Time

  • Played on: June 22, 2024, 11:17 a.m.
  • Length: 5:45

All games in this series

Show
View Real Time Build Order
Export as new Build Order

trigger Protoss - Winner!

Build Orders: 1 Gate Expand, Phoenix Opening 

Get SALT Encoding   

  12  0:00  Probe  
  13  0:12  Probe  
  14  0:21  Pylon  
  14  0:24  Probe  
  15  0:39  Probe (Chrono Boost)  
  15  0:42  Gateway  
  16  0:48  Assimilator, Probe (Chrono Boost)  
  17  0:53  Probe (Chrono Boost)  
  18  1:05  Probe  
  19  1:17  Probe  
  20  1:26  Nexus  
  20  1:36  Cybernetics Core  
  20  1:41  Assimilator  
  20  1:44  Probe  
  21  1:53  Pylon  
  21  1:56  Probe  
  23  2:08  Probe (Chrono Boost)  
  23  2:12  Stalker, Warp Gate  
  25  2:20  Probe (Chrono Boost)  
  26  2:26  Probe (Chrono Boost)  
  27  2:34  Probe  
  27  2:36  Shield Battery  
  28  2:38  Gateway  
  28  2:39  Probe  
  28  2:42  Sentry (Chrono Boost)  
  30  2:48  Robotics Facility  
  30  2:50  Probe  
  31  2:54  Probe  
  32  3:02  Sentry  
  32  3:04  Probe  
  35  3:06  Probe  
  36  3:16  Probe  
  36  3:19  Probe  
  38  3:22  Shield Battery  
  38  3:28  Probe  
  38  3:33  Immortal (Chrono Boost)  
  39  3:34  Adept  
  39  3:36  Phoenix  
  39  3:37  Pylon  
  45  3:43  Probe  
  46  3:54  Pylon  
  47  3:55  Probe x2  
  47  4:02  Warp Prism (Chrono Boost)  
  50  4:09  Stalker  
  52  4:15  Stalker  
  54  4:18  Probe  
  54  4:21  Probe  
  55  4:28  Immortal (Chrono Boost)  
  58  4:41  Probe x2  
  58  4:43  Gateway  
  58  4:44  Gateway  
  60  4:47  Stalker  
  62  4:55  Pylon  
  62  4:56  Pylon  
  66  5:15  Probe x2  
  66  5:17  Twilight Council  
  66  5:18  Assimilator  
  66  5:20  Assimilator  
  68  5:25  Adept x2  
Show
View Real Time Build Order
Export as new Build Order

HolyHit Protoss 

Build Orders:  

Get SALT Encoding   

  12  0:00  Probe  
  13  0:12  Probe  
  14  0:17  Pylon  
  14  0:24  Probe (Chrono Boost)  
  15  0:36  Probe (Chrono Boost)  
  15  0:38  Gateway  
  16  0:45  Probe (Chrono Boost)  
  16  0:47  Assimilator  
  17  0:51  Probe  
  18  0:57  Assimilator  
  18  1:03  Probe (Chrono Boost)  
  19  1:10  Gateway  
  19  1:15  Probe (Chrono Boost)  
  20  1:20  Probe (Chrono Boost)  
  21  1:28  Cybernetics Core  
  21  1:31  Probe  
  22  1:41  Pylon  
  22  1:44  Probe  
  24  2:04  Adept x2, Warp Gate  
  27  2:18  Pylon  
  27  2:24  Robotics Facility  
  27  2:38  Stalker x2  
  31  2:49  Gateway  
  30  3:08  Stalker x2  
  34  3:17  Warp Prism (Chrono Boost)  
  36  3:28  Pylon  
  36  3:46  Observer  
  37  3:53  Stalker x2  
  37  3:55  Stalker  
  41  4:24  Stalker  
  41  4:25  Stalker x2  
  41  4:50  Adept x2  
  41  4:51  Stalker  
  41  4:52  Observer  
  42  5:21  Sentry x2  
  42  5:23  Nexus  
Tags
 
Add a new tag
Caveats
  • Supply blocks, unpowered buildings, or Contaminate may cause inaccurate times.
  • Supply counts are checked every 10 seconds.